[ AOE2 MATCH · #505443990 ]
UnrankedMongols vs Bulgarians
Player's team · LOSS
[ REPLAY ANALYSIS · EXTRACTED FROM THE RECORDED GAME ]
Feudal
8:50
Castle
25:17
Imperial
30:34
| APM avg | 37.7 |
| APM peak | 81 |
| eAPM avg | 16.6 |
| Villagers / military | 72 / 25 |
Focus
⚔️ 24.9% · 🌾 75.1%
Mangudai ×14 · Militia ×5 · Trebuchet (Packed) ×4 · Mangonel ×2
Feudal
11:22
Castle
20:49
Imperial
32:41
| APM avg | 36.5 |
| APM peak | 63 |
| eAPM avg | 22.3 |
| Villagers / military | 110 / 54 |
Focus
⚔️ 27.4% · 🌾 72.6%
Skirmisher ×35 · Monk ×9 · Konnik ×5 · Trebuchet (Packed) ×5
Match map
Initial resources + every placement click. Lines = walls · curves = elevation contours. ◆ gold · ⬟ stone · ● berries · ✦ relic · ◌ wall gap
Your base· ✓ Closed at 25:17 · 0t walls · 3 gate(s)
Old Man Willow's base· ✓ Closed at 20:49 · 25t walls · 4 gate(s)
Smoothed initial terrain · ◌ = detected wall gap · hover for details
Inputs per minute
— OldSlaughter - - Old Man Willow
Build order — OldSlaughter
First 150 of 186 actions detected
| 0:00 | Queue | Villager (Male) |
| 0:00 | Queue | Villager (Male) |
| 0:00 | Queue | Villager (Male) |
| 0:02 | Build | House |
| 0:03 | Build | House |
| 0:12 | Queue | Villager (Male) |
| 1:25 | Queue | Villager (Male) |
| 1:27 | Build | Lumber Camp |
| 2:01 | Queue | Villager (Male) |
| 2:09 | Build | House |
| 2:17 | Queue | Villager (Male) |
| 2:49 | Queue | Villager (Male) |
| 2:53 | Queue | Villager (Male) |
| 3:29 | Queue | Villager (Male) |
| 3:38 | Build | Mill |
| 3:56 | Queue | Villager (Male) |
| 4:13 | Queue | Villager (Male) |
| 4:33 | Queue | Villager (Male) |
| 4:54 | Queue | Villager (Male) |
| 5:09 | Build | House |
| 5:42 | Queue | Villager (Male) |
| 6:11 | Queue | Villager (Male) |
| 6:34 | Research | Feudal Age |
| 6:34 | Research | Feudal Age |
| 6:50 | Build | Mining Camp |
| 7:27 | Research | Loom |
| 7:49 | Queue | Villager (Male) |
| 8:03 | Build | Barracks |
| 8:08 | Queue | Villager (Male) |
| 8:39 | Queue | Militia |
| 8:50 | Age | Feudal Age |
| 8:52 | Build | Watch Tower |
| 9:04 | Build | Mining Camp |
| 9:05 | Queue | Villager (Male) |
| 9:50 | Queue | Villager (Male) |
| 9:54 | Build | Mill |
| 9:59 | Build | House |
| 10:12 | Queue | Militia |
| 10:21 | Queue | Villager (Male) |
| 10:32 | Build | House |
| 11:12 | Build | Watch Tower |
| 11:23 | Research | Man-at-Arms (upgrade) |
| 11:27 | Queue | Villager (Male) |
| 11:36 | Build | House |
| 11:39 | Research | Arson |
| 11:49 | Queue | Villager (Male) |
| 12:01 | Queue | Villager (Male) |
| 12:03 | Build | Farm |
| 12:11 | Queue | Militia |
| 12:21 | Build | Farm |
| 12:40 | Build | Watch Tower |
| 12:46 | Queue | Villager (Male) |
| 12:54 | Queue | Villager (Male) |
| 13:13 | Build | Farm |
| 13:20 | Queue | Militia |
| 13:27 | Build | Watch Tower |
| 13:35 | Build | Watch Tower |
| 13:45 | Queue | Villager (Male) |
| 13:47 | Build | Farm |
| 14:02 | Build | Farm |
| 14:11 | Queue | Villager (Male) |
| 14:29 | Queue | Villager (Male) |
| 14:50 | Queue | Villager (Male) |
| 14:58 | Build | Watch Tower |
| 15:05 | Queue | Villager (Male) |
| 15:10 | Build | Farm |
| 15:15 | Build | Farm |
| 15:19 | Queue | Militia |
| 15:34 | Queue | Villager (Male) |
| 15:46 | Queue | Villager (Male) |
| 15:52 | Build | House |
| 15:57 | Research | Town Watch |
| 16:05 | Queue | Villager (Male) |
| 16:10 | Research | Double-Bit Axe |
| 16:25 | Queue | Villager (Male) |
| 16:39 | Build | Watch Tower |
| 16:43 | Build | Blacksmith |
| 16:43 | Queue | Villager (Male) |
| 17:02 | Build | Watch Tower |
| 17:05 | Queue | Villager (Male) |
| 17:18 | Research | Horse Collar |
| 17:22 | Build | Farm |
| 17:26 | Build | Farm |
| 17:26 | Queue | Villager (Male) |
| 17:41 | Build | Farm |
| 17:41 | Build | Farm |
| 17:50 | Research | Fletching |
| 18:05 | Queue | Villager (Male) |
| 18:23 | Queue | Villager (Male) |
| 18:34 | Build | House |
| 18:38 | Queue | Villager (Male) |
| 18:50 | Queue | Villager (Male) |
| 18:55 | Build | House |
| 19:13 | Queue | Villager (Male) |
| 19:24 | Queue | Villager (Male) |
| 19:28 | Build | House |
| 19:30 | Build | Lumber Camp |
| 19:48 | Build | Lumber Camp |
| 19:52 | Queue | Villager (Male) |
| 20:04 | Build | Watch Tower |
| 20:34 | Queue | Villager (Male) |
| 20:44 | Build | House |
| 20:49 | Build | Farm |
| 20:50 | Build | Farm |
| 21:08 | Build | Watch Tower |
| 21:16 | Queue | Villager (Male) |
| 21:27 | Build | Market |
| 21:34 | Build | Farm |
| 21:47 | Queue | Villager (Male) |
| 22:02 | Queue | Villager (Male) |
| 22:15 | Build | House |
| 22:34 | Research | Castle Age |
| 22:40 | Build | Farm |
| 22:42 | Build | Farm |
| 22:43 | Build | Farm |
| 22:54 | Build | Farm |
| 23:11 | Build | Farm |
| 23:14 | Build | House |
| 23:15 | Build | House |
| 23:42 | Build | Farm |
| 23:45 | Build | Farm |
| 24:07 | Queue | Villager (Male) |
| 25:17 | Age | Castle Age |
| 25:32 | Build | Castle |
| 25:35 | Queue | Villager (Male) |
| 25:46 | Research | Bodkin Arrow |
| 26:07 | Build | University |
| 26:09 | Queue | Villager (Male) |
| 26:10 | Queue | Villager (Male) |
| 26:13 | Research | Gold Mining |
| 26:36 | Queue | Villager (Male) |
| 26:51 | Build | Mill |
| 27:09 | Queue | Mangudai |
| 27:19 | Research | Imperial Age |
| 27:20 | Research | Imperial Age |
| 27:29 | Research | Ballistics |
| 27:36 | Queue | Mangudai |
| 27:54 | Queue | Mangudai |
| 28:04 | Build | Mining Camp |
| 28:08 | Queue | Villager (Male) |
| 28:32 | Queue | Mangudai |
| 28:32 | Queue | Mangudai |
| 28:44 | Queue | Villager (Male) |
| 29:13 | Queue | Mangudai |
| 29:33 | Queue | Mangudai |
| 29:41 | Queue | Villager (Male) |
| 29:53 | Queue | Mangudai |
| 30:34 | Age | Imperial Age |
| 30:41 | Build | Castle |
| 30:45 | Research | Bracer |
Build order — Old Man Willow
First 150 of 274 actions detected
| 0:00 | Queue | Villager (Male) ×4 |
| 0:02 | Build | House |
| 0:02 | Build | House |
| 1:27 | Queue | Villager (Male) |
| 1:57 | Queue | Villager (Male) |
| 2:12 | Build | Lumber Camp |
| 2:18 | Queue | Villager (Male) |
| 2:44 | Queue | Villager (Male) |
| 3:00 | Queue | Villager (Male) |
| 3:30 | Queue | Villager (Male) |
| 3:34 | Build | House |
| 3:36 | Build | House |
| 3:38 | Build | House |
| 3:45 | Queue | Villager (Male) |
| 4:20 | Queue | Villager (Male) |
| 4:49 | Build | Mill |
| 4:57 | Build | Mill |
| 5:01 | Queue | Villager (Male) |
| 5:02 | Queue | Villager (Male) |
| 5:02 | Queue | Villager (Male) |
| 5:52 | Queue | Villager (Male) |
| 5:58 | Queue | Villager (Male) |
| 6:11 | Queue | Villager (Male) |
| 6:22 | Queue | Villager (Male) |
| 7:34 | Build | Lumber Camp |
| 7:41 | Queue | Villager (Male) |
| 7:41 | Queue | Villager (Male) |
| 8:33 | Research | Feudal Age |
| 8:47 | Research | Loom |
| 8:47 | Research | Feudal Age |
| 8:55 | Build | House |
| 8:58 | Build | House |
| 9:01 | Build | House |
| 9:03 | Build | House |
| 9:06 | Build | House |
| 9:11 | Build | House |
| 9:14 | Build | House |
| 9:17 | Queue | Villager (Male) |
| 9:25 | Build | Palisade Wall |
| 9:54 | Queue | Villager (Male) |
| 10:03 | Build | Mining Camp |
| 10:15 | Build | Mining Camp |
| 10:25 | Build | Palisade Wall |
| 10:37 | Build | Palisade Wall |
| 10:38 | Build | Palisade Wall |
| 10:40 | Build | Palisade Wall |
| 10:43 | Queue | Villager (Male) |
| 11:22 | Age | Feudal Age |
| 11:26 | Build | Watch Tower |
| 11:37 | Research | Double-Bit Axe |
| 11:56 | Build | Watch Tower |
| 12:00 | Build | House |
| 12:00 | Queue | Villager (Male) |
| 12:15 | Build | Palisade Wall |
| 12:16 | Queue | Villager (Male) |
| 12:25 | Queue | Villager (Male) |
| 12:36 | Build | Palisade Gate |
| 12:44 | Queue | Villager (Male) |
| 12:46 | Build | House |
| 12:47 | Build | House |
| 12:48 | Queue | Villager (Male) |
| 13:04 | Queue | Villager (Male) |
| 13:06 | Build | Farm |
| 13:10 | Research | Horse Collar |
| 13:13 | Build | Farm |
| 13:14 | Queue | Villager (Male) |
| 13:22 | Queue | Villager (Male) |
| 13:27 | Queue | Villager (Male) |
| 13:39 | Queue | Villager (Male) |
| 14:05 | Build | House |
| 14:11 | Queue | Villager (Male) |
| 14:22 | Build | Blacksmith |
| 14:27 | Build | Palisade Wall |
| 14:30 | Build | Stone Wall |
| 14:33 | Build | Stone Wall |
| 14:34 | Build | Stone Wall |
| 14:35 | Queue | Villager (Male) |
| 14:47 | Build | Watch Tower |
| 14:48 | Queue | Villager (Male) |
| 15:07 | Build | Farm |
| 15:08 | Build | Farm |
| 15:43 | Queue | Villager (Male) |
| 15:44 | Research | Fletching |
| 15:53 | Build | Farm |
| 15:54 | Build | Farm |
| 16:03 | Build | Farm |
| 16:40 | Build | Farm |
| 16:47 | Queue | Villager (Male) |
| 17:07 | Build | Market |
| 18:09 | Research | Castle Age |
| 18:32 | Build | Farm |
| 18:32 | Build | Farm |
| 18:32 | Build | Farm |
| 18:33 | Build | Farm |
| 18:34 | Build | Farm |
| 18:39 | Build | House |
| 18:48 | Build | House |
| 18:49 | Queue | Villager (Male) |
| 18:52 | Build | House |
| 19:06 | Build | House |
| 19:07 | Build | House |
| 19:08 | Build | House |
| 19:14 | Build | Farm |
| 19:22 | Research | Scale Barding Armor |
| 19:36 | Build | Farm |
| 19:38 | Queue | Villager (Male) |
| 19:57 | Build | Watch Tower |
| 20:02 | Build | House |
| 20:05 | Build | House |
| 20:49 | Age | Castle Age |
| 20:57 | Build | Castle |
| 21:00 | Research | Bodkin Arrow |
| 21:06 | Research | Bow Saw |
| 21:07 | Queue | Villager (Male) |
| 21:38 | Build | Town Center |
| 21:40 | Queue | Villager (Male) |
| 21:53 | Queue | Konnik |
| 22:06 | Build | Farm |
| 22:07 | Queue | Villager (Male) |
| 22:19 | Queue | Villager (Male) |
| 22:35 | Build | Monastery |
| 22:39 | Queue | Konnik |
| 23:03 | Build | Farm |
| 23:05 | Build | Farm |
| 23:06 | Queue | Villager (Male) |
| 23:06 | Queue | Villager (Male) |
| 23:15 | Queue | Konnik |
| 23:16 | Queue | Villager (Male) |
| 23:22 | Queue | Monk |
| 23:22 | Queue | Monk |
| 23:22 | Queue | Monk |
| 23:22 | Queue | Monk |
| 23:27 | Build | Stone Wall |
| 23:28 | Queue | Villager (Male) |
| 23:46 | Queue | Konnik |
| 23:57 | Build | Farm |
| 23:58 | Queue | Villager (Male) |
| 24:00 | Build | Farm |
| 24:01 | Queue | Villager (Male) |
| 24:10 | Queue | Villager (Male) |
| 24:23 | Build | Farm |
| 24:27 | Queue | Villager (Male) |
| 24:33 | Research | Heavy Plow |
| 24:34 | Queue | Villager (Male) |
| 25:06 | Queue | Monk |
| 25:22 | Queue | Konnik |
| 25:23 | Queue | Villager (Male) |
| 25:24 | Queue | Villager (Male) |
| 25:34 | Build | Town Center |
| 25:35 | Queue | Villager (Male) |
Match timeline
| 8:03 | OldSlaughter · first_building Barracks |
| 8:50 | OldSlaughter · age_up feudal |
| 9:25 | Old Man Willow · wall_segment Palisade Wall x6 |
| 10:25 | Old Man Willow · wall_segment Palisade Wall x1 |
| 10:37 | Old Man Willow · wall_segment Palisade Wall x1 |
| 10:38 | Old Man Willow · wall_segment Palisade Wall x1 |
| 10:40 | Old Man Willow · wall_segment Palisade Wall x5 |
| 11:22 | Old Man Willow · age_up feudal |
| 12:15 | Old Man Willow · wall_segment Palisade Wall x8 |
| 14:27 | Old Man Willow · wall_segment Palisade Wall x1 |
| 14:30 | Old Man Willow · wall_segment Stone Wall x1 |
| 14:33 | Old Man Willow · wall_segment Stone Wall x1 |
| 14:34 | Old Man Willow · wall_segment Stone Wall x1 |
| 17:40 | Old Man Willow · first_market_buy 100 food |
| 17:45 | Old Man Willow · first_market_sell 100 wood |
| 20:49 | Old Man Willow · age_up castle |
| 20:57 | Old Man Willow · first_building Castle |
| 22:19 | OldSlaughter · first_market_buy 100 food |
| 22:35 | Old Man Willow · first_building Monastery |
| 23:27 | Old Man Willow · wall_segment Stone Wall x1 |
| 25:17 | OldSlaughter · age_up castle |
| 25:32 | OldSlaughter · first_building Castle |
| 30:34 | OldSlaughter · age_up imperial |
| 30:52 | OldSlaughter · first_market_sell 100 food |
| 31:22 | Old Man Willow · first_building Barracks |
| 32:20 | Old Man Willow · first_building Krepost |
| 32:41 | Old Man Willow · age_up imperial |
| 32:43 | Old Man Willow · first_building Archery Range |
| 33:46 | OldSlaughter · first_building Monastery |
| 35:03 | OldSlaughter · first_building Siege Workshop |
| 36:47 | OldSlaughter · resign |
[ AI ANALYSIS · 1 CREDIT ]
What really happened in this match?
Wolo.gg analyzes every decision: build order, eco, micro, common mistakes by bracket. Personalized analysis on WhatsApp or Discord in 30 seconds.
Civ guide
Mongols
Perfil
Jugador #12094927